 Dungeon Crawl Stone Soup version 0.31-a0-117-g42d8f58691 (webtiles) character file.

Game seed: 14324343443740099998

145 lunkers the Slasher (level 4, -1/37 HPs)
             Began as a Demigod Fighter on May 30, 2023.
             Slain by Menkaure (15 damage)
             ... on level 4 of the Dungeon.
             The game lasted 00:02:35 (2216 turns).

lunkers the Slasher (Demigod Fighter)               Turns: 2216, Time: 00:02:35

Health: -1/37      AC:  6    Str: 17    XL:     4   Next: 78%
Magic:  6/6        EV:  9    Int: 10    God:
Gold:   102        SH:  5    Dex: 17    Spells: 3/3 levels left

rFire   . . .        w - +2 short sword (speed)
rCold   . . .        c - +0 buckler
rNeg    . . .        p - +0 scale mail
rPois   .            (no helmet)
rElec   .            (no cloak)
rCorr   .            (no gloves)
SInv    .            (no boots)
Will    .....        (no amulet) Stlth
                     (no ring)
HPRegen 0.26/turn    (no ring)
MPRegen 0.10/turn

%: no passive effects
@: no status effects
A: high MP 1, forlorn, divine attributes
a: no special abilities


You were on level 4 of the Dungeon.
You visited 1 branch of the dungeon, and saw 4 of its levels.

You collected 102 gold pieces.

Inventory:

Hand Weapons
 a - a +1 long sword
 b - a +3 short sword
 w - a +2 short sword of speed (weapon)
Armour
 c - a +0 buckler (worn)
 n - a +0 plate armour
 p - a +0 scale mail (worn)
 t - the +0 leather armour of Shadows and Fog {rElec Will+ Dex+3}
   (You found it on level 3 of the Dungeon)

   Dex:       It affects your dexterity (+3).
   rElec:     It insulates you from electricity.
   Will:      It increases your willpower.
Jewellery
 o - a ring of fire
Wands
 d - a wand of polymorph (6)
Scrolls
 e - 3 scrolls of poison {unknown}
 f - 2 scrolls of enchant weapon
 h - a scroll of teleportation {unknown}
 i - 3 scrolls of fear {unknown}
 j - 3 scrolls of identify {unknown}
 k - a scroll of amnesia {unknown}
 l - a scroll of immolation {unknown}
 r - a scroll of vulnerability {unknown}
 u - a scroll of blinking {unknown}
 x - a scroll of acquirement {unknown}
Potions
 g - 2 potions of lignification {unknown}
 m - 2 potions of mutation {unknown}
 q - a potion of enlightenment {unknown}
 s - a potion of brilliance {unknown}
 v - a potion of heal wounds {unknown}


   Skills:
 - Level 2.6 Fighting
 + Level 2.3(3.5) Short Blades
 - Level 4.0(4.3) Long Blades
 - Level 2.6 Armour
 - Level 2.6 Shields


You had 3 spell levels left.
You didn't know any spells.
Your spell library contained the following spells:

 Spells                   Type           Power      Damage    Failure   Level
 Ensorcelled Hibernation  Hex/Ice        0%         N/A       94%         2
 Lesser Beckoning         Tloc           0%         N/A       94%         2
 Call Canine Familiar     Summ           0%         N/A       99%         3
 Portal Projectile        Hex/Tloc       0%         N/A       99%         3
 Spider Form              Tmut/Pois      0%         N/A       99%         3
 Anguish                  Hex/Necr       0%         N/A       100%        4
 Leda's Liquefaction      Hex/Erth       0%         N/A       100%        4
 Summon Ice Beast         Ice/Summ       0%         N/A       100%        4
 Ozocubu's Refrigeration  Ice            0%         4d7       100%        7


Dungeon Overview and Level Annotations

Branches:
Dungeon (4/15)
 Temple: D:4-7

Shops:
D:2 ?

Annotations:
D:4 Menkaure


Innate Abilities, Weirdness & Mutations

You have an increased reservoir of magic. (+10% MP)
You shall have no god before yourself.
Your divine heritage dramatically boosts your attributes as you level up.


Message History

You puncture Ijyb!
You kill Ijyb!
Your base Short Blades skill increases to level 2!
d - a wand of polymorph (6)
There is an iron altar of Okawaru, spattered with blood here.
Things that are here:
a +0 dagger; a +0 chain mail; the goblin corpse of Ijyb
There is an iron altar of Okawaru, spattered with blood here.
Things that are here:
a +0 dagger; a +0 chain mail; the goblin corpse of Ijyb You feel a little less mighty now.
HP restored.
You open the door.
There is an open door here.
Found 6 poisoned darts.
No target in view!
You open the door.
There is an open door here.
Found a trident.
No target in view!
No target in view!
No target in view!
x - a scroll labelled RECAPS XONTODD No target in view!
No target in view!
You open the door.
There is an open door here.
There is an open door here.
You open the door.
Menkaure, Prince of Dust comes into view.
Menkaure shouts!
Menkaure points at you and mumbles some strange words.
Pain shoots through your body!
Found 15 gold pieces.
Found a stone staircase leading down.
Menkaure calls on the powers of darkness!
Your body is wracked with pain!
* * * LOW HITPOINT WARNING * * *
There is an open door here.
Menkaure hits you!
You die...

#....+ ....# #...#
##...# #....#
#....##+##
#....M...#
#.$.@....#
###'###..# #.....#
# #.....# #.....#
#####.....#
#.........#
#.).......#
######.........####


You could see Menkaure.

Vanquished Creatures
  Ijyb (D:4)
  3 adders
  2 worms
  3 dart slugs
  6 orcs (D:3)
  5 giant cockroaches
  2 hobgoblins
  9 jackals
  A quokka (D:1)
  16 ball pythons
  4 bats
  A frilled lizard (D:3)
  8 goblins
  8 kobolds
  A rat (D:3)
70 creatures vanquished.

Notes
Turn   | Place    | Note
-------+----------+-------------------------------------------
     0 | D:1      | lunkers the Demigod Fighter began the quest for the Orb.
     0 | D:1      | Reached XP level 1. HP: 18/18 MP: 3/3
    34 | D:1      | Reached skill level 2 in Long Blades
   208 | D:1      | Reached XP level 2. HP: 25/25 MP: 4/4
   276 | D:1      | Got the Vellum of Refrigeration and Displacement
   411 | D:1      | Reached skill level 3 in Long Blades
   593 | D:2      | Reached XP level 3. HP: 29/30 MP: 5/5
   976 | D:2      | Found Hemolynu's Magic Scroll Shoppe.
  1003 | D:2      | Reached skill level 4 in Long Blades
  1382 | D:3      | Reached XP level 4. HP: 37/37 MP: 6/6
  1410 | D:3      | Reached skill level 1 in Short Blades
  1414 | D:3      | Identified the +0 leather armour of Shadows and Fog {rElec
                  | Will+ Dex+3}
  2005 | D:4      | Noticed Ijyb
  2032 | D:4      | Killed Ijyb
  2214 | D:4      | Noticed Menkaure
  2216 | D:4      | Slain by Menkaure

Illustrated notes

Levels and vault maps discovered:
D:1:      minmay_arrival_checkered_box, layout_loops_ring, minmay_hexomino_u4
D:2:      layout_rooms, serial_shops, nicolae_shop_pleasant_corner_grove,
          shapermc_ecumenical_altar_hornbeckon, kennysheep_decorative_pillar,
          minmay_snake_closets
D:3:      layout_basic
D:4:      layout_gridville, nicolae_overflows_in_rows,
          minmay_temple_entry_fiery, uniq_menkaure, uniq_ijyb, uniq_edmund

Skill      XL: |  1  2  3  4 |
---------------+-------------+-----
Long Blades    | 2 3 4 |  4.0
Short Blades   | 2 |  2.3
Fighting       | |  2.6
Armour         | |  2.6
Shields        | |  2.6

Action                     |  1- 3 |  4- 6 || total
---------------------------+-------+-------++-------
  Melee: Long sword        |   150 |       ||   150
         Short sword       |    19 |    93 ||   112
    Use: Scroll            |     1 |       ||     1
         Potion            |       |     1 ||     1
 Armour: Scale mail        |    84 |    28 ||   112
  Dodge: Dodged            |    79 |    27 ||   106
  Block: Buckler           |    46 |    15 ||    61

Table legend: (Time is in decaauts)
 A = Elapsed time spent in this place.
 B = Non-inter-level travel time spent in this place.
 C = Inter-level travel time spent in this place.
 D = Time resting spent in this place.
 E = Time spent auto-exploring this place.
 F = Levels seen in this place.
 G = Mean time per level.
                   A        B        C        D        E       F      G
               +--------+--------+--------+--------+--------+-----+--------+
         Total |   2236 |   2208 |     28 |      0 |   1687 |   4 |  559.0 |
       Dungeon |   2236 |   2208 |     28 |      0 |   1687 |   4 |  559.0 |
               +--------+--------+--------+--------+--------+-----+--------+

Top non-repeatable levels by time:
     D:3: 822 daAuts
     D:2: 664 daAuts
     D:1: 522 daAuts
     D:4: 227 daAuts
